 Dungeon Crawl Stone Soup version 0.21.1-1-g345015f (webtiles) character file.

25 Kairos the Charmwright (level 3, -3/28 HPs)
             Began as a Human Skald on Mar 24, 2018.
             Slain by Natasha (5 damage)
             ... on level 2 of the Dungeon.
             The game lasted 00:01:37 (974 turns).

Kairos the Charmwright (Human Skald)                 Turns: 974, Time: 00:01:37

Health: -3/28      AC:  3    Str: 12    XL:     3   Next: 20%
Magic:  5/6        EV: 12    Int: 13    God:
Gold:   25         SH:  0    Dex: 18    Spells: 5/6 levels left

rFire    . . .     SeeInvis +   a - +0 mace
rCold    . . .     Gourm    .   (no shield)
rNeg     . . .     Faith    .   b - +0 leather armour
rPois    .         Spirit   .   (no helmet)
rElec    .         Reflect  .   (no cloak)
rCorr    .         Harm     .   (no gloves)
MR       .....                  (no boots)
Stlth    +.........             (no amulet)
HPRegen  0.09/turn              h - ring of see invisible
MPRegen  0.10/turn              o - +6 ring of dexterity

@: infused, slowed, very slow
A: no striking features
a: no special abilities


You were on level 2 of the Dungeon.
You were not hungry.

You visited 1 branch of the dungeon, and saw 2 of its levels.

You collected 25 gold pieces.

Inventory:

Hand Weapons
 a - a +0 mace (weapon)
Armour
 b - a +0 leather armour (worn)
Jewellery
 h - a ring of see invisible (left hand)
 o - a +6 ring of dexterity (right hand)
Scrolls
 e - 2 scrolls of immolation {unknown}
 f - a scroll of random uselessness {unknown}
 i - a scroll of identify {unknown}
 j - a scroll of amnesia {unknown}
 k - 2 scrolls of fog {unknown}
 l - a scroll of noise {unknown}
 m - 3 scrolls of enchant weapon {unknown}
 q - a scroll of blinking {unknown}
 r - a scroll of teleportation {unknown}
Potions
 g - 4 potions of flight {unknown}
 n - a potion of might {unknown}
 p - 2 potions of curing {unknown}
 s - a potion of agility {unknown}
 t - a potion of brilliance {unknown}
Books
 c - a book of Battle

   Spells                             Type                      Level
   a - Infusion                       Charms                       1
   b - Shroud of Golubria             Charms/Translocation         2
   c - Song of Slaying                Charms                       2
   d - Spectral Weapon                Hexes/Charms                 3
   e - Regeneration                   Charms/Necromancy            3
Comestibles
 d - 2 rations


   Skills:
 + Level 2.4 Fighting
 + Level 2.1 Maces & Flails
 + Level 1.0 Armour
 + Level 2.0 Dodging
 + Level 2.2 Spellcasting
 + Level 3.5 Charms


You had 5 spell levels left.
You knew the following spells:

 Your Spells              Type           Power        Failure   Level  Hunger
a - Infusion              Chrm           ##..         8%          1    ##.....


Dungeon Overview and Level Annotations

Branches:
Dungeon (2/15)

Altars:
Trog

Annotations:
D:2 Natasha


Message History

Natasha barely misses you.
The crimson imp blinks!
You barely miss Natasha. Natasha claws you.
The crimson imp blinks!
Natasha stares at you and mumbles some strange words.
The magic dart hits you!
* * * LOW HITPOINT WARNING * * *
You hit Natasha.
Natasha is heavily wounded.
Natasha casts a spell at you.
You feel as though you will be slow longer.
Natasha mumbles some strange words.
You barely miss Natasha.
Natasha is heavily wounded.
Natasha wildly gestures.
Natasha shimmers violently.
Natasha claws you but does no damage. Natasha claws you.
* * * LOW HITPOINT WARNING * * *
You closely miss Natasha.
Natasha is heavily wounded.
Natasha claws you.
You die...

# #... #. #..# #.##..#
#.....# #
#######.....#.#
#...........#5#####
#.........>.hr.(...
#..........@#
#....†......#
#...........#
#........5..# ####
#.....†.((..# #..######
#######(##### #.##...#.
##......##### #.#..#..#
#...........# #.).#..#.
#.......###.####.##..#..


You could see Natasha, a crimson imp, a shadow imp and a rat.

Vanquished Creatures
  A dart slug (D:2)
  A leopard gecko (D:1)
  2 bats (D:1)
  A giant cockroach (D:2)
  A goblin (D:1)
  6 hobgoblins (D:1)
  4 kobolds
  A quokka (D:2)
  A frilled lizard (D:1)
  2 rats
20 creatures vanquished.

Notes
Turn   | Place    | Note
-------+----------+-------------------------------------------
     0 | D:1      | Kairos the Human Skald began the quest for the Orb.
     0 | D:1      | Reached XP level 1. HP: 16/16 MP: 3/3
    96 | D:1      | Reached XP level 2. HP: 11/22 MP: 0/5
   716 | D:1      | You fall through a shaft!
   884 | D:2      | Reached XP level 3. HP: 27/27 MP: 6/6
   932 | D:2      | Found a bloodstained altar of Trog.
   964 | D:2      | Noticed Natasha
   974 | D:2      | Slain by Natasha

Action                   || total
-------------------------++-------
Melee: Mace              ||    65
 Cast: Infusion          ||     3
Armor: Leather armour    ||    16
Dodge: Dodged            ||    39
